 Dungeon Crawl Stone Soup version 0.32-a0-814-g0968bab981 (webtiles) character file.

Game seed: 14460346973430165456

51 shadizar the Covered (level 3, -3/24 HPs)
             Began as a Gargoyle Fighter on Mar 22, 2024.
             Killed by divine providence
             ... invoked by an orc priest
              (11 damage)
             ... on level 3 of the Dungeon.
             The game lasted 00:01:08 (1756 turns).

shadizar the Covered (Gargoyle Fighter)             Turns: 1756, Time: 00:01:09

Health: -3/24      AC: 10    Str: 21    XL:     3   Next: 81%
Magic:  3/3        EV:  8    Int:  8    God:
Gold:   90         SH:  4    Dex:  9    Spells: 2/2 levels left

rFire   . . .        a - +0 flail
rCold   . . .        c - +0 buckler
rNeg    + . .        b - +0 scale mail
rPois   ∞            (no helmet)
rElec   +            (no cloak)
rCorr   .            (no gloves)
SInv    .            (no boots)
Will    .....        (no amulet) Stlth
                     (no ring)
HPRegen 0.24/turn    (no ring)
MPRegen 0.08/turn

%: no passive effects
@: no status effects
A: sickness immunity, AC +3, negative energy resistance 1, electricity
resistance, torment resistance 1, petrification resistance
a: Convert to Beogh


You were on level 3 of the Dungeon.
You visited 1 branch of the dungeon, and saw 3 of its levels.

You collected 90 gold pieces.

Inventory:

Hand Weapons
 a - a +0 flail (weapon)
Armour
 b - a +0 scale mail (worn)
 c - a +0 buckler (worn)
Wands
 r - a wand of flame (13)
Scrolls
 e - a scroll of silence {unknown}
 f - a scroll of noise {unknown}
 g - 2 scrolls of identify {unknown}
 h - a scroll of immolation {unknown}
 k - a scroll of fear {unknown}
 l - a scroll of poison {unknown}
 m - 3 scrolls of teleportation {unknown}
Potions
 d - 2 potions of might
 i - a potion of mutation {unknown}
 j - a potion of heal wounds {unknown}
 n - a potion of lignification {unknown}
 o - 3 potions of haste {unknown}
 p - 2 potions of curing {unknown}
 q - 2 potions of enlightenment {unknown}


   Skills:
 + Level 3.8 Fighting
 + Level 2.6 Maces & Flails
 + Level 3.8 Armour
 + Level 3.8 Shields


You had 2 spell levels left.
You didn't know any spells.
Your spell library was empty.

Dungeon Overview and Level Annotations

Branches:
Dungeon (3/15)

Altars:


Innate Abilities, Weirdness & Mutations

You are immune to sickness and miasma.
Your stone body is resilient. (AC +3)
You are immune to poison.
You resist negative energy. (rN+)
You are resistant to electric shocks. (rElec)
You are resistant to unholy torment.
You are immune to petrification.


Message History

Found a stone staircase leading up.
The kobold shouts!
An orc comes into view. It is wielding a +0 short sword.
An endoplasm comes into view.
You barely miss the kobold.
The orc shouts!
The kobold barely misses you.
The orc hits you from afar with a +0 trident.
You sock the kobold!
You kill the kobold!
The orc hits you but does no damage. The orc barely misses you.
You barely miss the orc. The orc hits you but does no damage.
You block the orc's attack.
You hit the orc priest.
The orc priest is lightly wounded.
The orc closely misses you. The orc priest barely misses you.
The orc hits you with a +0 trident!
The orc priest mumbles some strange prayers to Beogh against you.
Pain shoots through your body! The orc hits you but does no damage.
The orc completely misses you.
An orc comes into view. It is wielding a +0 club.
The orc priest threatens, "Beogh's wrath is as vast as their mercy.
Make your choice!" (press Y on the ability menu to convert to Beogh) Unknown command.
The orc shouts!
You sock the orc priest!
The orc priest is severely wounded.
The orc barely misses you.
The orc priest calls down the wrath of Beogh upon you.
Pain shoots through your body! You block the orc's attack.
Unknown command.
Unknown command.
You hit the orc priest.
The orc priest is almost dead.
The orc priest shouts, "Surrender to Beogh and we'll let you live!"
The orc barely misses you. The orc hits you with a +0 trident.
The orc priest invokes the aid of Beogh against you.
Beogh smites you!
You die...

.## ..## ....+ ...# #..#
#### ##J.# ...<.##oo#
......o@####+##
#.########........
#.#...............
#.#.##...########.
#.#.#.##...#
#.#.#.##...#######
#.#.#.##..........
#.#.#.#...##############
##.#..........(.........#


You could see an orc priest, 2 orcs and an endoplasm.

Vanquished Creatures
  An adder (D:3)
  2 ribbon worms (D:2)
  4 endoplasms
  2 giant cockroaches
  2 hobgoblins (D:1)
  2 quokkas (D:1)
  4 ball pythons (D:1)
  4 bats
  2 frilled lizards
  4 goblins
  6 kobolds
  3 rats
36 creatures vanquished.

Notes
Turn   | Place    | Note
-------+----------+-------------------------------------------
     0 | D:1      | shadizar the Gargoyle Fighter began the quest for the Orb.
     0 | D:1      | Reached XP level 1. HP: 14/14 MP: 1/1
   178 | D:1      | Reached XP level 2. HP: 2/19 MP: 2/2
   592 | D:1      | Reached XP level 3. HP: 23/23 MP: 3/3
   810 | D:2      | Found a faded altar of an unknown god.
  1756 | D:3      | Killed from afar by an orc priest

Illustrated notes

Levels and vault maps discovered:
D:1:      pf_arrival_petrified_forest, layout_basic, minmay_misc_feat_columns
D:2:      layout_basic, hellmonk_ecumenical_altar_leap_of_faith, nrook_uturn,
          fountainhead
D:3:      layout_basic, fiery_altar_vehumet, grunt_decor_arrowhead

Action                     || total
---------------------------++-------
  Melee: Flail             ||   116
 Armour: Scale mail        ||   136
  Dodge: Dodged            ||    51
  Block: Buckler           ||    18

Table legend: (Time is in decaauts)
 A = Elapsed time spent in this place.
 B = Non-inter-level travel time spent in this place.
 C = Inter-level travel time spent in this place.
 D = Time resting spent in this place.
 E = Time spent auto-exploring this place.
 F = Levels seen in this place.
 G = Mean time per level.
                   A        B        C        D        E       F      G
               +--------+--------+--------+--------+--------+-----+--------+
         Total |   1792 |   1770 |     22 |      0 |   1463 |   3 |  597.3 |
       Dungeon |   1792 |   1770 |     22 |      0 |   1463 |   3 |  597.3 |
               +--------+--------+--------+--------+--------+-----+--------+

Top non-repeatable levels by time:
     D:2: 846 daAuts
     D:1: 712 daAuts
     D:3: 233 daAuts
